 Dungeon Crawl Stone Soup version 0.24-a0-368-g0e0cebd0f3 (webtiles) character file.

Game seed: 12395333035711960896

2566 Azzok the Archer (level 9, -4/83 HPs)
             Began as a Centaur Berserker on May 28, 2019.
             Was an Elder of Trog.
             Slain by a bullfrog (6 damage)
             ... on level 7 of the Dungeon.
             The game lasted 00:09:21 (7425 turns).

Azzok the Archer (Centaur Berserker)                Turns: 7425, Time: 00:09:22

Health: -4/83      AC:  5    Str: 23      XL:     9   Next: 31%
Magic:  9/9        EV:  1    Int:  6      God:    Trog [****..]
Gold:   351        SH:  0    Dex:  0 (9)  Spells: 8/8 levels left

rFire    . . .     SeeInvis .   r - +0 long sword (elec)
rCold    + . .     Gourm    .   I - +0 shield
rNeg     . . .     Faith    .   s - +0 chain mail
rPois    .         Spirit   .   q - +0 helmet
rElec    .         Reflect  .   (no cloak)
rCorr    .         Harm     .   (no gloves)
MR       .....                  (no barding)
Stlth    ..........             (no amulet)
HPRegen  0.23/turn              w - ring of protection from cold
MPRegen  0.11/turn              H - -3 ring of protection (curse)

@: berserk cooldown, slowed, lost dexterity
A: large, hooves 3, deformed body, speed 2, tough skin 3
a: Berserk, Trog's Hand, Brothers in Arms, Renounce Religion


You were on level 7 of the Dungeon.
You worshipped Trog.
Trog was greatly pleased with you.
You were very hungry.

You visited 1 branch of the dungeon, and saw 7 of its levels.

You collected 351 gold pieces.

Inventory:

Hand Weapons
 g - a +0 shortbow
 r - a +0 long sword of electrocution (weapon)
 G - a +2 falchion of draining
Missiles
 o - 55 arrows
Armour
 q - a +0 helmet (worn)
 s - a +0 chain mail (worn)
 I - a +0 shield (worn)
Jewellery
 h - an uncursed ring of ice
 w - a ring of protection from cold (left hand)
 H - a cursed -3 ring of protection (right hand)
Wands
 a - a wand of disintegration (9)
 t - a wand of random effects (22)
 v - a wand of enslavement (10)
Scrolls
 b - 4 scrolls of identify {unknown}
 d - 3 scrolls of fear {unknown}
 i - a scroll of noise {unknown}
 k - 3 scrolls of amnesia {unknown}
 n - a scroll of enchant weapon {unknown}
 p - 2 scrolls of enchant armour {unknown}
 u - 6 scrolls of remove curse {unknown}
 y - 3 scrolls of teleportation {unknown}
 z - a scroll of blinking {unknown}
 A - a scroll of fog {unknown}
 E - 5 scrolls of magic mapping {unknown}
Potions
 e - 3 potions of degeneration {unknown}
 f - 5 potions of curing {unknown}
 j - 2 potions of invisibility {unknown}
 l - 4 potions of flight {unknown}
 m - 4 potions of ambrosia {unknown}
 x - a potion of mutation {unknown}
 B - a potion of heal wounds {unknown}
 C - a potion of cancellation {unknown}
 D - 2 potions of lignification {unknown}
 F - a potion of brilliance {unknown}
Comestibles
 c - 13 rations


   Skills:
 - Level 9.0 Fighting
   Level 2.6 Polearms
 + Level 12.0 Bows
 - Level 1.3 Armour
 - Level 1.3 Dodging


You had 8 spell levels left.
You didn't know any spells.
Your spell library was empty.

Dungeon Overview and Level Annotations

Branches:
Dungeon (7/15)             Temple (0/1) D:7

Altars:
Elyvilon
Qazlal
Yredelemnul
The Shining One

Shops:
D:7 *

Annotations:
D:7 2 transporters, Pfizzle's ghost, novice TrWz


Innate Abilities, Weirdness & Mutations

You have hooves in place of feet.
Armour fits poorly on your strangely shaped body.
You cover ground very quickly.
You have extremely tough skin. (AC +3)


Message History

* * * LOW HITPOINT WARNING * * *
You slash the iguana!
You kill the iguana!
Trog accepts your kill.
Your Bows skill increases to level 12!
The bullfrog hits you.
* * * LOW HITPOINT WARNING * * *
The bullfrog hits you but does no damage.
You barely miss the bullfrog. Your kick misses the bullfrog.
The bullfrog hits you.
* * * LOW HITPOINT WARNING * * *
The bullfrog hits you but does no damage.
The bullfrog hits you.
* * * LOW HITPOINT WARNING * * *
You closely miss the bullfrog. Your kick misses the bullfrog.
The bullfrog hits you.
* * * LOW HITPOINT WARNING * * *
The bullfrog hits you but does no damage. x2
The bullfrog hits you.
You die...

·······▒▒ ▒···▒▒▒▒
········▒ ▒···▒···
········▒ ▒·····▒
········▒ ▒·[··▒
········▒ ▒····▒
········▒▒▒▒···▒▒
···········▒···▒
·[·············▒▒▒▒▒▒·▒
··········▒▒···†@F····▒
········▒▒▒▒▒▒▒▒†▒▒▒····
········▒ ▒··▒ ·
········▒ ·▒··▒
·······▒▒ ·· ▒···
········· ··· ··▒·
·▒▒▒▒▒▒▒▒▒ ···· ▒▒· ··
▒▒ ····· ·· · ▒ ▒▒····
··


You could see a bullfrog.

Vanquished Creatures
  A gargoyle (D:7)
  Prince Ribbit (D:5)
  Grinder (D:5)
  Eustachio (D:4)
  Edmund (D:4)
  An ice beast (D:7)
  An ogre (D:5)
  A centaur (D:5)
  3 scorpions
  4 wights (D:6)
  4 howler monkeys
  A crimson imp (D:6)
  A quasit (D:5)
  2 centaur zombies
  2 jellies (D:7)
  2 orc priests
  2 hounds
  2 iguanas
  A centaur skeleton (D:6)
  Ijyb (D:4)
  3 orc wizards
  Terence (D:2)
  8 worker ants
  A howler monkey zombie (D:7)
  A worker ant zombie (D:5)
  4 gnolls (D:3)
  5 adders
  A shadow imp (D:5)
  An ooze (D:4)
  3 worms
  A dart slug (D:3)
  2 leopard geckos
  21 orcs
  A ball python (D:4)
  9 bats
  2 giant cockroaches
  4 goblins
  8 hobgoblins
  10 jackals
  3 quokkas
  8 frilled lizards
  7 kobolds
  A leopard gecko zombie (D:6)
  5 rats
143 creatures vanquished.

Notes
Turn   | Place    | Note
-------+----------+-------------------------------------------
     0 | D:1      | Azzok the Centaur Berserker began the quest for the Orb.
     0 | D:1      | Reached XP level 1. HP: 19/19 MP: 1/1
   318 | D:1      | Reached XP level 2. HP: 25/26 MP: 2/2
   873 | D:2      | Found a glowing golden altar of the Shining One.
  1118 | D:2      | Reached XP level 3. HP: 22/34 MP: 3/3
  1301 | D:2      | Reached ** piety under Trog
  1535 | D:2      | Noticed Terence
  1884 | D:2      | Killed Terence
  1884 | D:2      | Reached skill level 5 in Fighting
  1884 | D:2      | Reached XP level 4. HP: 42/42 MP: 4/4
  2149 | D:3      | Reached XP level 5. HP: 50/50 MP: 5/5
  2380 | D:3      | Found a white marble altar of Elyvilon.
  2453 | D:3      | Found a stormy altar of Qazlal.
  2680 | D:3      | Found a basalt altar of Yredelemnul.
  2749 | D:3      | Reached *** piety under Trog
  2910 | D:4      | Reached XP level 6. HP: 53/58 MP: 6/6
  2967 | D:4      | Noticed Edmund
  2984 | D:4      | Killed Edmund
  3304 | D:4      | Noticed Ijyb
  3317 | D:4      | Killed Ijyb
  3466 | D:4      | Reached XP level 7. HP: 66/68 MP: 7/7
  3617 | D:4      | Noticed Eustachio
  3634 | D:4      | Killed Eustachio
  3715 | D:5      | Entered Level 5 of the Dungeon
  4088 | D:5      | Noticed Prince Ribbit
  4106 | D:5      | Reached skill level 1 in Bows
  4108 | D:5      | Killed Prince Ribbit
  4108 | D:5      | Reached skill level 4 in Bows
  4298 | D:5      | Reached XP level 8. HP: 78/78 MP: 8/8
  4324 | D:5      | Noticed Grinder
  4339 | D:5      | Killed Grinder
  4339 | D:5      | Reached skill level 6 in Bows
  4719 | D:5      | Reached skill level 7 in Bows
  5215 | D:6      | Received a gift from Trog
  5215 | D:6      | Reached skill level 8 in Bows
  5416 | D:6      | Reached **** piety under Trog
  5643 | D:6      | Reached skill level 9 in Bows
  5979 | D:6      | Reached skill level 10 in Bows
  6443 | D:7      | Found a staircase to the Ecumenical Temple.
  6491 | D:7      | Noticed a gargoyle
  6502 | D:7      | Killed a gargoyle
  6502 | D:7      | Reached skill level 11 in Bows
  6502 | D:7      | Reached XP level 9. HP: 34/83 MP: 9/9
  6526 | D:7      | Lost dexterity.
  6527 | D:7      | HP: 4/83 [quasit (2)]
  6542 | D:6      | HP: 4/83 [quasit (1)]
  6542 | D:6      | HP: 1/83 [quasit (1)]
  7035 | D:7      | Found Bulabbyx's Assorted Antiques.
  7119 | D:7      | Identified the +5 dire flail of Fate {venom, Int+4}
  7119 | D:7      | Identified the +8 great mace of Dividends {crush, rC+
                  | Str+3}
  7119 | D:7      | Noticed a two-headed ogre
  7121 | D:7      | Found a transporter.
  7357 | D:7      | Noticed Pfizzle's ghost (novice TrWz)
  7359 | D:7      | Found a transporter.
  7423 | D:7      | Reached skill level 12 in Bows
  7424 | D:7      | HP: 3/83 [bullfrog (4)]
  7425 | D:7      | Slain by a bullfrog

Levels and vault maps discovered:
D:1:      dpeg_arrival_round_c, layout_loops_cross
D:2:      layout_basic, nicolae_overflow_crystal_walls, uniq_terence
D:3:      layout_basic, kennysheep_ying_yang, nicolae_qazlal_general_emergency
D:4:      layout_rooms, first_ration, uniq_ijyb, uniq_edmund, uniq_eustachio
D:5:      layout_rooms, uniq_grinder, uniq_prince_ribbit1
D:6:      layout_cave_pools
D:7:      layout_rooms, minmay_temple_entry_statues_fountains,
          gammafunk_ghost_smash, serial_shops, shop

Skill      XL: |  1  2  3  4  5  6  7  8  9 |
---------------+----------------------------+-----
Fighting       | 4 5 6 8 9 |  9.0
Bows           | 4 11 12 | 12.0
Polearms       | |  2.6
Armour         | |  1.3
Dodging        | |  1.3

Action                   |  1- 3 |  4- 6 |  7- 9 || total
-------------------------+-------+-------+-------++-------
Melee: Spear             |   150 |       |       ||   150
       Kick              |    18 |    25 |    56 ||    99
       Short sword       |       |   135 |   170 ||   305
       Falchion          |       |       |    46 ||    46
       Long sword        |       |       |    25 ||    25
Invok: Berserk           |     1 |     1 |     8 ||    10
Evoke: Wand              |       |       |     5 ||     5
  Eat: Chunk             |     2 |     7 |    12 ||    21
       Ration            |       |       |     2 ||     2
Armor: Animal skin       |    26 |       |       ||    26
       Ring mail         |    24 |       |       ||    24
       Chain mail        |       |    65 |   263 ||   328
Dodge: Dodged            |    51 |    48 |    99 ||   198
       Rpst.: Falchion   |       |       |     7 ||     7
       Long sword        |       |       |     1 ||     1

Table legend:
 A = Non-vault XP
 B = Vault XP
 C = Vault XP percentage of total XP
 D = Non-vault monster count
 E = Vault monster count
 F = Vault count percentage of total count
                 A         B        C        D         E       F
            +---------+---------+-------+---------+---------+-------
      Total |    2706 |     960 |  26.2 |     137 |       6 |   4.2
            +---------+---------+-------+---------+---------+-------
        D:1 |      28 |       0 |   0.0 |      17 |       0 |   0.0
        D:2 |     120 |      32 |  21.1 |      23 |       1 |   4.2
        D:3 |     117 |       0 |   0.0 |      25 |       0 |   0.0
        D:4 |     269 |     393 |  59.4 |      16 |       3 |  15.8
        D:5 |     483 |     535 |  52.6 |      12 |       2 |  14.3
        D:6 |     701 |       0 |   0.0 |      31 |       0 |   0.0
        D:7 |     988 |       0 |   0.0 |      13 |       0 |   0.0
            +---------+---------+-------+---------+---------+-------
